 Dungeon Crawl Stone Soup version 0.23-a0-619-g281719c6f9 (webtiles) character file.

7734 LLavrengius the Fighter (level 11, 0/81 HPs)
             Began as an Octopode Transmuter on Dec 22, 2018.
             Was an Initiate of Gozag.
             Slain by an unseen horror (8 damage)
             ... on level 11 of the Dungeon.
             The game lasted 01:04:32 (13665 turns).

LLavrengius the Fighter (Octopode Transmuter)      Turns: 13665, Time: 01:04:33

Health: 0/81       AC:  2    Str:  9    XL:     11   Next: 19%
Magic:  12/20      EV: 29    Int: 18    God:    Gozag
Gold:   1538       SH:  0    Dex: 19    Spells: 9/22 levels left

rFire    + . .     SeeInvis .     - Unarmed
rCold    x . .     Gourm    .   (shield currently unavailable)
rNeg     . . .     Faith    .   (helmet currently unavailable)
rPois    .         Spirit   .   L - amulet of regeneration
rElec    .         Reflect  .   n - ring of resist corrosion
rCorr    +         Harm     .   q - ring of poison resistance (curse)
MR       +....                  y - +5 ring of evasion
Stlth    +++.......             E - ring of fire
HPRegen  0.63/turn              K - ring of protection from magic
MPRegen  0.17/turn              (no ring)
                                (no ring)
                                (no ring)

@: spider-form (expiring)
A: tiny, almost no armour, stealthy swim, (amphibious), 8 rings, (constrict 8)
a: End Transformation, Potion Petition, Call Merchant, Bribe Branch, Renounce
Religion


You were on level 11 of the Dungeon.
You worshipped Gozag.
Gozag was most pleased with you.
You were not hungry.
You were a venomous arachnid creature.
You visited 2 branches of the dungeon, and saw 12 of its levels.

You collected 1595 gold pieces.
You paid 57 gold pieces to Gozag.

Inventory:

Hand Weapons
 G - a +2 hand axe of venom (melded)
 N - a cursed +2 battleaxe
 O - a +4 long sword
 P - a +2 spear
Missiles
 a - 208 arrows
 m - 15 tomahawks (quivered)
 s - 178 stones
 w - 90 sling bullets
Jewellery
 n - a ring of resist corrosion (left front leg)
 q - a cursed ring of poison resistance (right front leg)
 y - a +5 ring of evasion (on tentacle)
 E - a ring of fire (on tentacle)
 K - a ring of protection from magic (on tentacle)
 L - an amulet of regeneration (around neck)
Wands
 k - a wand of disintegration (12)
 B - a wand of flame (37)
 F - a wand of polymorph (30)
 M - a wand of digging (6)
Scrolls
 b - 2 scrolls of teleportation
 f - 4 scrolls of identify
 j - a scroll of blinking {unknown}
 l - 2 scrolls of enchant armour {unknown}
 o - 4 scrolls of remove curse
 p - 2 scrolls of magic mapping
 u - a scroll of amnesia
 x - 2 scrolls of random uselessness {unknown}
 z - a scroll of immolation {unknown}
 A - a scroll of fear
 D - a scroll of enchant weapon
 H - a scroll of fog {unknown}
Potions
 d - 2 potions of lignification
 g - 2 potions of curing
 h - 2 potions of haste
 r - 2 potions of agility {unknown}
 t - 2 potions of mutation
 v - a potion of might
 C - 3 potions of flight
 I - a potion of magic
 J - 2 potions of brilliance
Comestibles
 c - 9 rations


   Skills:
 + Level 10.1 Fighting
 - Level 4.0 Axes
 + Level 5.0 Dodging
 + Level 5.0 Stealth
 + Level 5.7 Unarmed Combat
 - Level 6.0 Spellcasting
 - Level 6.1 Transmutations
 - Level 6.0 Ice Magic


You had 9 spell levels left.
You knew the following spells:

 Your Spells              Type           Power        Failure   Level  Hunger
b - Sticks to Snakes      Tmut           ####....     7%          2    None
c - Spider Form           Tmut/Pois      ###.......   26%         3    ##.....
d - Freeze                Ice            ####         5%          1    None
e - Ozocubu's Armour      Chrm/Ice       ###.....     26%         3    ##.....
f - Ice Form              Ice/Tmut       ####....     24%         4    ####...

Your spell library contained the following spells:

 Spells                   Type           Power        Failure   Level  Hunger
 Beastly Appendage        Tmut           ####..       5%          1    None
 Throw Frost              Conj/Ice       ###...       16%         2    None
 Infusion                 Chrm           #...         28%         1    None
 Magic Dart               Conj           #...         28%         1    None
 Searing Ray              Conj           #.....       38%         2    None
 Shroud of Golubria       Chrm/Tloc      #.........   38%         2    None
 Song of Slaying          Chrm           #.......     38%         2    None
 Blade Hands              Tmut           ####......   47%         5    #####..
 Dazzling Spray           Conj/Hex       #.....       56%         3    ##.....
 Regeneration             Chrm/Necr      #.........   56%         3    ##.....
 Spectral Weapon          Hex/Chrm       #.......     56%         3    ##.....
 Summon Ice Beast         Ice/Summ       ###.....     56%         4    ####...
 Throw Icicle             Conj/Ice       ###.....     56%         4    ####...
 Force Lance              Conj/Tloc      #.......     89%         4    ####...
 Fulminant Prism          Conj/Hex       #.........   89%         4    ####...
 Iskenderun's Mystic Bla  Conj           #.......     89%         4    ####...


Dungeon Overview and Level Annotations

Branches:
Dungeon (11/15)            Temple (1/1) D:4            Lair (0/6) D:11
    Orc (0/2) D:11

Altars:
Ashenzari
Cheibriados
Dithmenos
Elyvilon
Fedhas
Gozag
Hepliaklqana
Kikubaaqudgha
Makhleb
Nemelex Xobeh
Okawaru
Qazlal
Ru
Sif Muna
Trog
Uskayaw
Vehumet
Wu Jian
Xom
Yredelemnul
Zin
The Shining One

Annotations:
D:6 1 runed door, feta's ghost, novice OpIE
D:8 1 runed door


Innate Abilities, Weirdness & Mutations

You cannot wear most types of armour.
You are very stealthy in the water. (Stealth+)
((You are amphibious.))
You can wear up to eight rings at the same time.
((You can use your tentacles to constrict eight enemies at once.))
((Your skin changes colour to match your surroundings (Stealth+).))
((Your rubbery body absorbs attacks. (AC +1, EV +1)))


Message History

The hound bites you.
* * * LOW HITPOINT WARNING * * *
You hit the hound.
The hound is poisoned.
The hound is moderately wounded.
You hear the faint crackling of a distant melting archway.
The hound completely misses you.
You hit the hound.
The hound looks as sick as possible!
The hound is heavily wounded.
The hound becomes distracted by the nearby gold, dreaming of imaginary riches.
A quokka comes into view.
The hound barks!
You bite the hound!
You kill the hound!
The polar bear completely misses you. x2; The polar bear claws you.
* * * LOW HITPOINT WARNING * * *
Something misses you. The quokka closely misses you.
Something completely misses you. Something hits you!
You die...
Your body crumbles into a pile of gold.

***,** *,*,***,******
*,,,* ***,,,***
*+*********,,,,,*######
,,,,,,>,,*,,,,,,,#....#
,,,,,,,,,**,,,,,##....#
,,,,,,,,,**,,,,##.....#
,,,,,,,,,+**####......#
,,,,,,,,,** #....h..$.#
<,,,,,,,,* #..%sr..$.#
,,,*,,,,,* #....###..#
,,,,,,,,,* ###.##,##.#
,*,∩,*,,** #.*,,,#.#
,,,,,,,,* #.**,*#.#
*,,*,**** #.,*,*..#
**,,,*** #.,,,,..#
,,,,,,,* ##*,,,***
,*****,* **>**


You could see a polar bear and a quokka.

Vanquished Creatures
  An ugly thing (D:10)
  A manticore (D:10)
  A gargoyle (D:10)
  A polar bear (D:10)
  A troll (D:10)
  A hippogriff (D:11)
  2 centaur simulacra (D:11)
  6 yaks (D:9)
  A steam dragon (D:8)
  Edmund (D:6)
  A soldier ant (D:8)
  A water moccasin (D:7)
  4 orc warriors
  2 ice beasts
  2 phantoms
  2 sky beasts
  3 ogres
  A wolf (D:10)
  6 centaurs
  A big kobold (D:8)
  4 bullfrogs
  A gnoll sergeant (D:10)
  A wyvern zombie (D:8)
  2 scorpions
  A water moccasin skeleton (D:8)
  7 wights (D:10)
  An electric eel (D:11)
  3 crimson imps
  A bullfrog zombie (D:8)
  Crazy Yiuf (D:7)
  10 orc wizards
  3 quasits
  A bullfrog skeleton (D:9)
  A gnoll shaman (D:8)
  10 orc priests
  6 hounds
  4 jellies
  2 centaur skeletons
  Jessica (D:2)
  4 iguanas
  5 worker ants
  A killer bee zombie (D:6)
  8 gnolls
  6 adders
  A howler monkey skeleton (D:10)
  A shadow imp (D:9)
  2 white imps (D:11)
  An ufetubus (D:11)
  An ooze (D:3)
  An adder zombie (D:6)
  4 worms
  4 dart slugs
  4 leopard geckos
  50 orcs
  A ball python (D:2)
  7 giant cockroaches
  9 goblins
  10 hobgoblins
  9 jackals
  17 kobolds
  3 quokkas
  5 bats
  4 frilled lizards
  A jackal zombie (D:6)
  2 leopard gecko zombies (D:6)
  9 rats
269 creatures vanquished.

Vanquished Creatures (others)
  A goblin (D:11)
  3 fungi (D:11)
4 creatures vanquished.

Grand Total: 273 creatures vanquished

Notes
Turn   | Place    | Note
-------+----------+-------------------------------------------
     0 | D:1      | LLavrengius the Octopode Transmuter began the quest for the
                  | Orb.
     0 | D:1      | Reached XP level 1. HP: 13/13 MP: 3/3
   168 | D:1      | Reached XP level 2. HP: 18/18 MP: 5/5
   183 | D:1      | Learned a level 2 spell: Sticks to Snakes
   384 | D:1      | Reached skill level 2 in Fighting
   626 | D:1      | Reached XP level 3. HP: 20/24 MP: 6/6
   627 | D:1      | You fall through a shaft!
   719 | D:1      | Learned a level 3 spell: Spider Form
   972 | D:2      | Noticed Jessica
   987 | D:2      | Killed Jessica
   987 | D:2      | Reached skill level 1 in Stealth
   987 | D:2      | Reached XP level 4. HP: 22/30 MP: 7/7
  1287 | D:2      | Found a faded altar of an unknown god.
  1792 | D:2      | Reached skill level 3 in Fighting
  2107 | D:3      | Reached XP level 5. HP: 27/36 MP: 0/8
  2596 | D:3      | Found a glowing golden altar of the Shining One.
  3383 | D:4      | Reached skill level 4 in Fighting
  3549 | D:4      | Noticed an ogre
  3572 | D:4      | Reached XP level 6. HP: 39/43 MP: 9/9
  4176 | D:4      | Reached skill level 5 in Fighting
  4390 | D:3      | Reached XP level 7. HP: 16/51 MP: 10/10
  4699 | D:4      | Found a staircase to the Ecumenical Temple.
  4708 | Temple   | Entered the Ecumenical Temple
  4904 | Temple   | Became a worshipper of Gozag Ym Sagoz the Greedy
  5191 | D:5      | Entered Level 5 of the Dungeon
  5408 | D:5      | Reached skill level 6 in Fighting
  6251 | D:6      | Found a hazy altar of Hepliaklqana.
  6251 | D:6      | Found a shimmering altar of Xom.
  6252 | D:6      | Found a radiant altar of Vehumet.
  6258 | D:6      | Reached XP level 8. HP: 53/58 MP: 11/11
  6265 | D:6      | Found a snail-covered altar of Cheibriados.
  6411 | D:6      | Reached skill level 5 in Transmutations
  6756 | D:6      | Found a runed door.
  6759 | D:6      | Noticed feta's ghost (novice OpIE)
  6962 | D:7      | Learned a level 1 spell: Freeze
  6998 | D:7      | Reached skill level 1 in Ice Magic
  7122 | D:7      | Reached skill level 7 in Fighting
  7385 | D:7      | Learned a level 3 spell: Ozocubu's Armour
  7678 | D:7      | Found a white marble altar of Elyvilon.
  8151 | D:7      | Found a burning altar of Makhleb.
  8194 | D:7      | Reached XP level 9. HP: 61/64 MP: 13/15
  8265 | D:7      | Found a runed door.
  8271 | D:7      | Noticed Crazy Yiuf
  8277 | D:7      | Killed Crazy Yiuf
  8603 | D:6      | Learned a level 4 spell: Ice Form
  8983 | D:6      | Reached skill level 1 in Axes
  9027 | D:6      | Noticed Edmund
  9145 | D:6      | Killed Edmund
  9260 | D:8      | Reached skill level 8 in Fighting
  9693 | D:8      | Reached skill level 5 in Spellcasting
  9948 | D:8      | Noticed a hornet
  9948 | D:8      | Noticed a hornet
 10443 | D:8      | Reached skill level 5 in Ice Magic
 10762 | D:8      | Reached XP level 10. HP: 73/73 MP: 15/18
 10777 | D:8      | Found a runed gate.
 10802 | D:8      | Found a hide-covered altar of Uskayaw.
 11000 | D:9      | Reached skill level 9 in Fighting
 11353 | D:9      | Found a shimmering altar of Xom.
 11796 | D:10     | Entered Level 10 of the Dungeon
 11935 | D:10     | Noticed a gargoyle
 11955 | D:10     | Killed a gargoyle
 12362 | D:10     | Noticed a purple ugly thing
 12657 | D:10     | Noticed a manticore
 12685 | D:10     | Killed a manticore
 13010 | D:10     | Reached skill level 5 in Unarmed Combat
 13038 | D:10     | Killed a purple ugly thing
 13038 | D:10     | Reached XP level 11. HP: 62/81 MP: 8/20
 13251 | D:10     | Noticed a tengu warrior
 13263 | D:10     | Reached skill level 10 in Fighting
 13612 | D:11     | Reached skill level 5 in Dodging
 13623 | D:11     | HP: 4/97 [something (5)]
 13648 | D:11     | Found a staircase to the Orcish Mines.
 13657 | D:11     | Reached skill level 5 in Stealth
 13665 | D:11     | Slain by an unseen horror

Vault maps used:
D:1:      dpeg_arrival_connections
D:2:      chequers_ecumenical_altar_lobes, kennysheep_generic_room_4,
          uniq_jessica
D:3:      first_ration, tso_metal_star
D:4:      lemuel_temple_firewalk_b
D:6:      chequers_temple_overflow_statue_of_worship,
          ebering_ghost_reflecting_pool, hangedman_decor_diamond_cutter,
          nrook_campfire, uniq_edmund
D:7:      kennysheep_little_box, elyvilon_altar_4, uniq_crazy_yiuf_cottage
D:8:      kennysheep_mini, gammafunk_ghost_split, hangedman_pestilent_swarm
D:9:      xom_teletrap_fun
D:10:     chequers_serial_rivers_room_b, minmay_evil_grid
D:11:     due_lair_maze_entry_diamond, erik_orc_4, serial_ice, serial_ice_f,
          serial_ice_c, serial_ice_k, serial_ice_d,
          portal_ice_cave_entry_pillars_1, nemelex_diamond_rough_becter
Temple:   eino_temple_scatter_basement

Skill      XL: |  1  2  3  4  5  6  7  8  9 10 11 |
---------------+----------------------------------+-----
Fighting       | 2 3 4 5 6 7 8 9 10 | 10.1
Stealth        | 1 3 4 5 |  5.0
Transmutations | 3 4 5 6 |  6.1
Unarmed Combat | 4 5 |  5.7
Spellcasting   | 4 5 6 |  6.0
Ice Magic      | 3 5 6 |  6.0
Axes           | 3 4 |  4.0
Dodging        | 4 5 |  5.0

Action                   |  1- 3 |  4- 6 |  7- 9 | 10-12 || total
-------------------------+-------+-------+-------+-------++-------
Melee: Unarmed           |    76 |   186 |   264 |   174 ||   700
       Constrict         |    21 |    47 |    55 |    23 ||   146
       Tentacles         |    12 |    35 |    60 |    27 ||   134
       Punch             |     2 |     4 |     8 |     2 ||    16
       Kick              |       |    12 |    35 |       ||    47
       Hand axe          |       |       |   129 |   120 ||   249
Throw: Tomahawk          |       |       |       |     1 ||     1
 Cast: Beastly Appendage |       |     5 |    16 |       ||    21
       Spider Form       |       |     3 |    11 |     8 ||    22
       Sticks to Snakes  |       |       |    15 |     6 ||    21
       Ozocubu's Armour  |       |       |     2 |    15 ||    17
       Freeze            |       |       |     2 |     2 ||     4
       Ice Form          |       |       |       |     8 ||     8
Evoke: Wand              |       |       |     2 |     2 ||     4
  Use: Scroll            |       |    10 |     2 |    11 ||    23
       Potion            |       |       |     2 |     4 ||     6
 Stab: Sleeping          |     7 |    16 |     9 |     2 ||    34
       Distracted        |       |       |     3 |       ||     3
  Eat: Chunk             |       |    12 |       |       ||    12
       Ration            |       |       |     7 |     3 ||    10
Armor: Skin              |     7 |     9 |    12 |    71 ||    99
Dodge: Dodged            |    48 |    94 |   353 |   352 ||   847

Table legend:
 A = Non-vault XP
 B = Vault XP
 C = Vault XP percentage of total XP
 D = Non-vault monster count
 E = Vault monster count
 F = Vault count percentage of total count
                 A         B        C        D         E       F
            +---------+---------+-------+---------+---------+-------
      Total |    9784 |    1265 |  11.4 |     257 |      12 |   4.5
            +---------+---------+-------+---------+---------+-------
        D:1 |      43 |       0 |   0.0 |      26 |       0 |   0.0
        D:2 |      80 |      38 |  32.2 |      31 |       2 |   6.1
        D:3 |     103 |       0 |   0.0 |      27 |       0 |   0.0
        D:4 |     354 |       0 |   0.0 |      15 |       0 |   0.0
        D:5 |     520 |       0 |   0.0 |      15 |       0 |   0.0
        D:6 |     762 |     148 |  16.3 |      27 |       1 |   3.6
        D:7 |     984 |      42 |   4.1 |      25 |       1 |   3.8
        D:8 |    1535 |     162 |   9.5 |      30 |       1 |   3.2
        D:9 |    1631 |       0 |   0.0 |      20 |       0 |   0.0
       D:10 |    3383 |     408 |  10.8 |      34 |       2 |   5.6
       D:11 |     389 |     467 |  54.6 |       7 |       5 |  41.7
            +---------+---------+-------+---------+---------+-------
